 Dungeon Crawl Stone Soup version 0.22-a0-147-gfdd7f25 (webtiles) character file.

434 SnubMonkey the Archer (level 6, -5/52 HPs)
             Began as a Centaur Hunter on Feb 6, 2018.
             Was an Initiate of Okawaru.
             Slain by a troll (11 damage)
             ... on level 3 of the Dungeon.
             The game lasted 00:13:21 (4806 turns).

SnubMonkey the Archer (Centaur Hunter)              Turns: 4806, Time: 00:13:22

Health: -5/52      AC:  5    Str: 22    XL:     6   Next: 67%
Magic:  6/6        EV:  9    Int: 10    God:    Okawaru [......]
Gold:   120        SH:  0    Dex:  9    Spells: 5/5 levels left

rFire    . . .     SeeInvis .   b - +0 short sword
rCold    . . .     Gourm    .   (no shield)
rNeg     . . .     Faith    .   c - +0 leather armour
rPois    .         Spirit   .   p - +0 helmet
rElec    .         Reflect  .   (no cloak)
rCorr    .         Harm     .   (no gloves)
MR       .....                  (no barding)
Stlth    +.........             (no amulet)
HPRegen  0.17/turn              (no ring)
MPRegen  0.10/turn              (no ring)

@: mighty, very quick
A: large, hooves 3, deformed body, speed 2, tough skin 3
a: Renounce Religion


You were on level 3 of the Dungeon.
You worshipped Okawaru.
Okawaru was noncommittal.
You were not hungry.

You visited 2 branches of the dungeon, and saw 5 of its levels.

You collected 120 gold pieces.

Inventory:

Hand Weapons
 a - a +1 shortbow
 b - a +0 short sword (weapon)
 A - a +0 blowgun
Missiles
 g - 11 arrows
 h - 22 poisoned needles
Armour
 c - a +0 leather armour (worn)
 i - a +0 scale mail
 p - a +0 helmet (worn)
 u - a +0 scale mail
 x - a +0 ring mail
Jewellery
 e - an uncursed ring of stealth {unknown}
 o - a +4 ring of intelligence {unknown}
Scrolls
 j - 2 scrolls of immolation
 m - 2 scrolls of teleportation
 n - a scroll of blinking {unknown}
 v - 2 scrolls of fear {unknown}
 y - a scroll of enchant weapon {unknown}
 z - a scroll of amnesia {unknown}
 B - a scroll of enchant armour {unknown}
Potions
 k - 3 potions of mutation
 r - 2 potions of heal wounds
 w - 2 potions of curing
Books
 d - a book of Changes

   Spells                             Type                      Level
   a - Beastly Appendage              Transmutation                1
   b - Sticks to Snakes               Transmutation                2
   c - Spider Form                    Transmutation/Poison         3
   d - Ice Form                       Ice/Transmutation            4
   e - Blade Hands                    Transmutation                5
Comestibles
 f - 6 rations


   Skills:
 + Level 4.3 Fighting
 * Level 8.7 Bows
 - Level 1.9 Dodging
 - Level 1.1 Stealth
 + Level 0.0 Invocations


You had 5 spell levels left.
You didn't know any spells.

Dungeon Overview and Level Annotations

Branches:
Dungeon (4/15)             Temple (1/1) D:4

Altars:
Dithmenos
Fedhas
Gozag
Makhleb
Okawaru
Trog
Vehumet
Xom
Yredelemnul
Zin


Innate Abilities, Weirdness & Mutations

You have hooves in place of feet.
Armour fits poorly on your strangely shaped body.
You cover ground very quickly.
You have extremely tough skin. (AC +3)


Message History

The troll is lightly wounded.
You see here a poisoned needle.
You see here a poisoned needle.
You see here a poisoned needle.
Wield which item (- for none, * to show all)? (? for menu, Esc to quit)
b - a +0 short sword (weapon)
It was a potion of might.
You feel very mighty all of a sudden.
You barely miss the troll. The troll bites you. The troll claws you.
* * * LOW HITPOINT WARNING * * *
The troll claws you.
* * * LOW HITPOINT WARNING * * *
You closely miss the troll.
The troll is lightly wounded.
The troll bites you!
* * * LOW HITPOINT WARNING * * *
The troll claws you.
* * * LOW HITPOINT WARNING * * *
The troll claws you!
You die...

#...((...(.###.###
#.#.######.# #....
#.#.# #.###.#.#
#(#.# #.T......
#.#.########..##.#
#(#..>............
#(##########..##.#
#T# #>.##.# #@#
#(.##.# #.#
#..##..
#(##########(.###.
#..(.(.(..........
#############.###.
#.###. #.....
#####. #.


You could see a troll.

Vanquished Creatures
  An ice beast (D:3)
  An ogre (D:4)
  A bullfrog (D:3)
  A hound (D:3)
  Jessica (D:2)
  4 gnolls
  5 adders
  2 oozes
  A leopard gecko (D:4)
  6 bats
  4 giant cockroaches
  5 goblins
  6 hobgoblins
  A quokka (D:2)
  A ball python (D:2)
  3 frilled lizards
  8 kobolds
  11 rats
62 creatures vanquished.

Notes
Turn   | Place    | Note
-------+----------+-------------------------------------------
     0 | D:1      | SnubMonkey the Centaur Hunter began the quest for the Orb.
     0 | D:1      | Reached XP level 1. HP: 17/17 MP: 1/1
   208 | D:1      | Reached XP level 2. HP: 23/24 MP: 2/2
   570 | D:2      | Reached skill level 1 in Stealth
   889 | D:2      | Reached XP level 3. HP: 27/30 MP: 3/3
  1147 | D:2      | Noticed Jessica
  1153 | D:2      | Killed Jessica
  1153 | D:2      | Reached skill level 6 in Bows
  1153 | D:2      | Reached XP level 4. HP: 24/37 MP: 4/4
  1977 | D:3      | Reached XP level 5. HP: 20/45 MP: 5/5
  2072 | D:3      | Noticed an ice beast
  2378 | D:2      | Reached skill level 7 in Bows
  2992 | D:3      | Killed an ice beast
  2992 | D:3      | Reached XP level 6. HP: 52/52 MP: 6/6
  3181 | D:3      | Reached skill level 8 in Bows
  3970 | D:4      | Found a staircase to the Ecumenical Temple.
  4041 | Temple   | Entered the Ecumenical Temple
  4060 | Temple   | Became a worshipper of Warmaster Okawaru
  4107 | D:4      | Noticed a troll
  4806 | D:3      | Slain by a troll

Vault maps used:
D:1:      dpeg_arrival_arbitrary_b
D:2:      lemuel_coloured_pillars_altar, uniq_jessica
D:3:      first_ration
D:4:      temple_hall
Temple:   minmay_temple_bridge_abc

Skill      XL: |  1  2  3  4  5  6 |
---------------+-------------------+-----
Stealth        | 1 |  1.1
Bows           | 6 7 8 |  8.7
Fighting       | 3 4 |  4.3
Dodging        | |  1.9

Action                   |  1- 3 |  4- 6 || total
-------------------------+-------+-------++-------
Melee: Short sword       |    77 |    95 ||   172
       Kick              |    20 |    16 ||    36
 Fire: Shortbow          |    15 |   107 ||   122
       Blowgun           |       |    52 ||    52
Throw: Throwing net      |       |     2 ||     2
  Use: Scroll            |       |     5 ||     5
       Potion            |       |     3 ||     3
 Stab: Invisible         |       |     1 ||     1
       Held in net/web   |       |     1 ||     1
  Eat: Chunk             |       |     7 ||     7
       Ration            |       |     1 ||     1
Armor: Leather armour    |    36 |    36 ||    72
Dodge: Dodged            |    48 |    78 ||   126

Table legend:
 A = Spawn XP
 B = Non-spawn XP
 C = Spawn XP percentage of total XP
 D = Spawn monster count
 E = Non-spawn monster count
 F = Spawn count percentage of total count
 G = Total turns spent on level
                    A         B        C        D         E        F      G
               +---------+---------+-------+---------+---------+-------+---------
         Total |       0 |     620 |   0.0 |       0 |      62 |   0.0 |  4806
               +---------+---------+-------+---------+---------+-------+---------
           D:1 |       0 |      19 |   0.0 |       0 |      11 |   0.0 |   600
           D:2 |       0 |     146 |   0.0 |       0 |      28 |   0.0 |  1728
           D:3 |       0 |     327 |   0.0 |       0 |      20 |   0.0 |  2007
           D:4 |       0 |     128 |   0.0 |       0 |       3 |   0.0 |   432
               +---------+---------+-------+---------+---------+-------+---------
